General information
			
			
        
        - name: BNet
 
        - type: Ladder 1vs1/FFA
 
        - host: Battle.net
 
        - saver: hetchjay
 
        
map: RoadToStratholme 
        - players: 2
 
        - length: 13:15
 
        - speed: Fast
 - version: 1.22 W3XP
 - replay type:  Public
 
» download(23 KB)
Players
        team 1 (loser) 
              
              
» 
HunterLord[XXX] (
teal | 3 APM | 36 actions | 13:13)
              
                » actions 
                
                | Basic commands | 1 |  | 
| Right click | 13 |  | 
| Select / deselect | 10 |  | 
| Use ability | 12 |  | 
                36 total
  
               team 2 (winner) 
              
              
hetchjay (
blue | 32 APM | 421 actions | 13:15)
              
 1 Mountain King 
 1 Storm Bolt
 
                » actions 
                
                | Build / train | 18 |  | 
| Enter build submenu | 26 |  | 
| Enter hero's abilities submenu | 1 |  | 
| Right click | 37 |  | 
| Select / deselect | 86 |  | 
| Use ability | 253 |  | 
                421 total
 » units 
                » upgrades
                » buildings
                
                | Altar of Kings | 1 |  | 
| Farm | 2 |  | 
| Lumber Mill | 4 |  | 
| Scout Tower | 245 |  | 
| Keep | 1 |  | 
                253 total
 » build order
                00:21 Altar of Kings
00:36 Farm
00:50 Lumber Mill
01:50 Scout Tower
02:00 Scout Tower
02:03 Scout Tower
02:08 Scout Tower
02:13 Keep
02:39 Scout Tower
02:49 Scout Tower
02:50 Scout Tower
02:50 Scout Tower
02:51 Scout Tower
02:52 Scout Tower
02:53 Scout Tower
02:54 Scout Tower
02:57 Scout Tower
02:58 Scout Tower
02:59 Scout Tower
03:00 Scout Tower
03:01 Scout Tower
03:03 Scout Tower
03:04 Scout Tower
03:10 Scout Tower
03:12 Scout Tower
03:13 Scout Tower
03:15 Scout Tower
03:17 Scout Tower
03:18 Scout Tower
03:20 Scout Tower
03:23 Scout Tower
03:24 Scout Tower
03:25 Scout Tower
03:26 Scout Tower
03:27 Scout Tower
03:27 Scout Tower
03:28 Scout Tower
03:29 Scout Tower
03:31 Scout Tower
03:51 Scout Tower
03:52 Scout Tower
03:53 Scout Tower
03:53 Scout Tower
03:55 Scout Tower
03:57 Scout Tower
03:58 Scout Tower
03:59 Scout Tower
04:00 Scout Tower
04:00 Scout Tower
04:00 Scout Tower
04:01 Scout Tower
04:03 Scout Tower
04:03 Scout Tower
04:05 Scout Tower
04:06 Scout Tower
04:08 Scout Tower
04:08 Scout Tower
04:10 Scout Tower
04:11 Scout Tower
04:12 Scout Tower
04:14 Scout Tower
04:15 Scout Tower
04:16 Scout Tower
04:17 Scout Tower
04:18 Scout Tower
04:20 Scout Tower
04:21 Scout Tower
04:21 Scout Tower
04:22 Scout Tower
04:23 Scout Tower
04:24 Scout Tower
04:24 Scout Tower
04:24 Scout Tower
04:25 Scout Tower
04:25 Scout Tower
04:26 Scout Tower
04:26 Scout Tower
04:27 Scout Tower
04:28 Scout Tower
04:29 Scout Tower
04:29 Scout Tower
04:30 Scout Tower
04:34 Scout Tower
04:34 Scout Tower
04:35 Scout Tower
04:35 Scout Tower
04:41 Scout Tower
04:49 Scout Tower
04:50 Scout Tower
04:51 Scout Tower
04:51 Scout Tower
04:51 Scout Tower
04:52 Scout Tower
04:52 Scout Tower
04:53 Scout Tower
04:53 Scout Tower
05:02 Farm
05:56 Scout Tower
05:58 Scout Tower
05:58 Scout Tower
05:59 Scout Tower
06:00 Scout Tower
06:01 Scout Tower
06:03 Scout Tower
06:05 Scout Tower
06:06 Scout Tower
06:07 Scout Tower
06:10 Scout Tower
06:11 Scout Tower
06:13 Scout Tower
06:16 Scout Tower
06:17 Scout Tower
06:18 Scout Tower
06:20 Scout Tower
06:22 Scout Tower
06:25 Scout Tower
06:26 Scout Tower
06:27 Scout Tower
06:29 Scout Tower
06:31 Scout Tower
06:32 Scout Tower
06:36 Scout Tower
06:37 Scout Tower
06:38 Scout Tower
06:40 Scout Tower
06:42 Scout Tower
06:43 Scout Tower
06:44 Scout Tower
06:44 Scout Tower
06:46 Scout Tower
06:48 Scout Tower
06:51 Scout Tower
06:52 Scout Tower
06:53 Scout Tower
06:53 Scout Tower
06:54 Scout Tower
06:55 Scout Tower
07:15 Scout Tower
07:16 Scout Tower
07:17 Scout Tower
07:18 Scout Tower
07:19 Scout Tower
07:23 Scout Tower
07:24 Scout Tower
07:36 Scout Tower
07:37 Scout Tower
07:39 Scout Tower
07:40 Scout Tower
07:42 Scout Tower
08:43 Scout Tower
08:47 Scout Tower
08:48 Scout Tower
08:50 Scout Tower
08:52 Scout Tower
08:53 Scout Tower
08:54 Scout Tower
08:55 Scout Tower
08:56 Scout Tower
08:57 Scout Tower
09:01 Scout Tower
09:01 Scout Tower
09:02 Scout Tower
09:04 Scout Tower
09:32 Scout Tower
09:33 Scout Tower
09:34 Scout Tower
09:35 Scout Tower
09:36 Scout Tower
09:37 Scout Tower
09:39 Scout Tower
09:40 Scout Tower
09:40 Scout Tower
09:43 Scout Tower
09:43 Scout Tower
09:46 Scout Tower
09:47 Scout Tower
09:48 Scout Tower
09:50 Scout Tower
09:51 Scout Tower
09:54 Scout Tower
09:55 Scout Tower
09:56 Scout Tower
09:57 Scout Tower
09:58 Scout Tower
10:13 Lumber Mill
10:20 Lumber Mill
10:37 Lumber Mill
10:57 Scout Tower
10:59 Scout Tower
11:00 Scout Tower
11:02 Scout Tower
11:03 Scout Tower
11:05 Scout Tower
11:06 Scout Tower
11:07 Scout Tower
11:08 Scout Tower
11:09 Scout Tower
12:00 Scout Tower
12:02 Scout Tower
12:02 Scout Tower
12:04 Scout Tower
12:05 Scout Tower
12:05 Scout Tower
12:07 Scout Tower
12:07 Scout Tower
12:07 Scout Tower
12:08 Scout Tower
12:08 Scout Tower
12:08 Scout Tower
12:09 Scout Tower
12:10 Scout Tower
12:10 Scout Tower
12:10 Scout Tower
12:11 Scout Tower
12:11 Scout Tower
12:12 Scout Tower
12:12 Scout Tower
12:12 Scout Tower
12:12 Scout Tower
12:13 Scout Tower
12:13 Scout Tower
12:13 Scout Tower
12:13 Scout Tower
12:14 Scout Tower
12:16 Scout Tower
12:16 Scout Tower
12:18 Scout Tower
12:18 Scout Tower
12:18 Scout Tower
12:21 Scout Tower
12:21 Scout Tower
12:23 Scout Tower
12:23 Scout Tower
12:24 Scout Tower
12:24 Scout Tower
12:25 Scout Tower
12:25 Scout Tower
12:25 Scout Tower
12:25 Scout Tower
 
                Chat log
          
(12:26 / All) HunterLord[XXX]: hahahah
(12:31 / All) HunterLord[XXX]: i love it!
(12:35 / All) hetchjay: good luck
(12:38 / All) hetchjay: you wll need it
(12:41 / All) HunterLord[XXX]: lol
(12:51 / All) hetchjay: shitttt